 Dungeon Crawl Stone Soup version 0.18.1-48-g4cf74bf (webtiles) character file.

359 Aesthetico the Bolt Thrower (level 6, -5/51 HPs)
             Began as a Centaur Hunter on July 22, 2016.
             Was an Initiate of Okawaru.
             Killed from afar by Gottschkopf's ghost (18 damage)
             ... with a flame tongue
             ... on level 4 of the Dungeon.
             The game lasted 00:20:17 (3623 turns).

Aesthetico the Bolt Thrower (Centaur Hunter)        Turns: 3623, Time: 00:20:17

Health: -5/51      AC:  5    Str: 15    XL:     6   Next: 37%
Magic:  6/6        EV: 10    Int: 10    God:    Okawaru [......]
Gold:   199        SH:  0    Dex: 11    Spells: 0 memorised, 5 levels left

rFire  . . .     SeeInvis .     f - +1 hand crossbow
rCold  . . .     Gourm    +     c - +0 leather armour
rNeg   . . .     Faith    .     (no shield)
rPois  .         Spirit   .     (no helmet)
rElec  .         Dismiss  .     h - +0 cloak
rCorr  .         Reflect  .     (no gloves)
SustAt .         Harm     .     (no barding)
MR     .....                    B - amulet of the gourmand
Stlth  +.........               (no ring)
                                (no ring)

@: lethally poisoned (-5 -> -7), very quick, not resistant to hostile
enchantments, very unstealthy
A: hooves 3, deformed body, speed 2, tough skin 3
a: Renounce Religion


You were on level 4 of the Dungeon.
You worshipped Okawaru.
Okawaru was noncommittal.
You were not hungry.

You visited 1 branch of the dungeon, and saw 4 of its levels.

You collected 199 gold pieces.

Inventory:

Hand Weapons
 f - a +1 hand crossbow (weapon)
 w - a +0 trident of venom
Missiles
 b - 9 tomahawks
 d - 41 bolts (quivered)
Armour
 c - a +0 leather armour (worn)
 h - a +0 cloak (worn)
Jewellery
 p - an uncursed ring of flight
 A - an uncursed amulet of magic regeneration
 B - an amulet of the gourmand (around neck)
Wands
 z - a wand of digging (14/24)
Scrolls
 e - 4 scrolls of remove curse
 g - a scroll of teleportation
 k - a scroll of amnesia {unknown}
 n - 3 scrolls of identify
 o - a scroll of blinking {unknown}
 v - a scroll of noise {unknown}
 y - a scroll of immolation {unknown}
Potions
 j - a potion of flight {unknown}
 l - a potion of agility
 m - a potion of heal wounds {unknown}
 q - a potion of cancellation {unknown}
Comestibles
 a - 2 bread rations
 u - a royal jelly
 x - 2 meat rations


   Skills:
 + Level 3.5 Fighting
 + Level 1.7 Polearms
 * Level 6.6 Crossbows
 + Level 2.5 Dodging
 - Level 0.5 Stealth


You had 5 spell levels left.
You didn't know any spells.

Dungeon Overview and Level Annotations

Branches:
Dungeon (4/15)
 Temple: D:4-7

Altars:
Okawaru

Annotations:
D:4 Gottschkopf's ghost, novice DEFE


Innate Abilities, Weirdness & Mutations

You have hooves in place of feet.
Armour fits poorly on your strangely shaped body.
You cover ground very quickly.
You have extremely tough skin (AC +3).


Message History

You feel sick.
You feel sick.
Firing (i - inventory. (,) - cycle):
d - 43 bolts (quivered)
Press: ? - help, Shift-Dir - straight line, f/p - Gottschkopf's ghost
Aim: Gottschkopf's ghost, wielding a weapon of venom (heavily damaged)
You shoot a bolt. The bolt hits Gottschkopf's ghost!
Gottschkopf's ghost is severely damaged.
Gottschkopf's ghost gestures at you while chanting.
The flame tongue hits you!
* * * LOW HITPOINT WARNING * * *
You are too injured to fight recklessly!
Firing (i - inventory. (,) - cycle):
d - 42 bolts (quivered)
Press: ? - help, Shift-Dir - straight line, f/p - Gottschkopf's ghost
Aim: Gottschkopf's ghost, wielding a weapon of venom (severely damaged)
You shoot a bolt. The bolt hits Gottschkopf's ghost.
Gottschkopf's ghost is almost destroyed.
You feel sick.
Gottschkopf's ghost gestures at you while chanting.
The flame tongue hits you!
You die...

#.##...#### #.##### #.#..((..
#(##...# #.#... #...(..##
#.##...# ##.#.# #....[.#
###.####.#####.)..# ........##
..)............#†)# ...(......
###.###.######...)#######(.....##
#.# #.# ##.#.W(...(..#.##.# #.#
#.# ###.#.######### #.###.#
#...@........ #.....#
#.###..##.### #####.# . #..# #.#
# #.... ######.# ###### #......#
##.####.# ........# ##.######


You could see Gottschkopf's ghost.

Vanquished Creatures
  4 orc priests
  A hound (D:4)
  Crazy Yiuf (D:3)
  2 orc wizards (D:4)
  Terence (D:2)
  3 adders
  An ooze (D:3)
  A dart slug (D:4)
  5 giant geckos
  10 orcs
  4 giant cockroaches
  7 goblins
  13 hobgoblins
  5 jackals
  5 quokkas
  A ball python (D:2)
  9 bats
  5 giant newts
  5 kobolds
  5 rats
88 creatures vanquished.

Vanquished Creatures (others)
  A giant gecko (D:4)
1 creature vanquished.

Grand Total: 89 creatures vanquished

Notes
Turn   | Place    | Note
--------------------------------------------------------------
     0 | D:1      | Aesthetico the Centaur Hunter began the quest for the Orb.
     0 | D:1      | Reached XP level 1. HP: 17/17 MP: 1/1
    72 | D:1      | Reached XP level 2. HP: 19/24 MP: 2/2
   142 | D:1      | Reached skill level 5 in Crossbows
   661 | D:2      | Noticed Terence
   666 | D:2      | Killed Terence
   666 | D:2      | Reached XP level 3. HP: 30/30 MP: 3/3
  1012 | D:2      | Reached XP level 4. HP: 20/37 MP: 4/4
  1644 | D:3      | Found an iron altar of Okawaru.
  1670 | D:3      | Became a worshipper of Warmaster Okawaru
  1865 | D:3      | Reached skill level 1 in Polearms
  1956 | D:3      | Reached XP level 5. HP: 41/44 MP: 5/5
  2338 | D:3      | Noticed Crazy Yiuf
  2360 | D:3      | Killed Crazy Yiuf
  2360 | D:3      | Reached skill level 6 in Crossbows
  2590 | D:4      | Noticed Gottschkopf's ghost (novice DEFE)
  3245 | D:4      | Reached XP level 6. HP: 16/51 MP: 6/6
  3255 | D:4      | HP: 2/51 [something/puff of flame (9)]
  3623 | D:4      | Killed from afar by Gottschkopf's ghost

Skill      XL: |  1  2  3  4  5 |
---------------+----------------+-----
Crossbows      | 5 6 |  6.6
Dodging        | 2 |  2.5
Polearms       | 1 |  1.7
Fighting       | 3 |  3.5
Stealth        | |  0.5

Action                   |  1- 3 |  4- 6 || total
-------------------------+-------+-------++-------
Melee: Trident           |    16 |    81 ||    97
       Kick              |     2 |    11 ||    13
 Fire: Hand crossbow     |    62 |    91 ||   153
Throw: Tomahawk          |       |     1 ||     1
  Use: Potion            |       |    12 ||    12
       Scroll            |       |     4 ||     4
 Stab: Invisible         |       |     1 ||     1
  Eat: Meat ration       |       |     2 ||     2
       Beef jerky        |       |     1 ||     1
Armor: Leather armour    |     8 |    35 ||    43
Dodge: Dodged            |     9 |    37 ||    46
